Map: Croisement de Kairos EC

Players

Sorandom

  • Race: Zerg Zerg
  • League: Diamond
  • Spawn Location: 11:00

PiNkUniCORN - Winner!

  • Race: Terran Terran
  • League: Diamond
  • Spawn Location: 5:00

VOD

Have the link to the VOD?

Description

Time

  • Played on: May 25, 2019, 2:37 a.m.
  • Length: 12:20
Show
View Real Time Build Order
Export as new Build Order

Sorandom Zerg 

Build Orders: Pool First 

Get SALT Encoding   

  12  0:01  Drone  
  13  0:12  Overlord  
  13  0:16  Drone  
  14  0:31  Drone x2  
  16  0:36  Drone  
  17  0:45  Spawning Pool  
  16  0:50  Drone, Extractor  
  16  1:15  Hatchery  
  16  1:16  Drone  
  16  1:21  Drone  
  17  1:32  Queen  
  19  1:36  Zergling x2  
  20  1:44  Overlord  
  20  1:53  Zergling x2  
  21  1:59  Metabolic Boost  
  21  2:11  Zergling x2  
  21  2:12  Zergling x4  
  22  2:25  Zergling x2  
  22  2:28  Queen  
  25  2:31  Zergling x2  
  25  2:36  Zergling x2  
  25  2:46  Zergling x4  
  27  2:55  Zergling x4  
  29  3:01  Baneling Nest  
  29  3:03  Zergling x2  
  28  3:10  Zergling x4  
  30  3:15  Spine Crawler  
  29  3:21  Zergling x4  
  28  3:35  Zergling x4  
  23  3:58  Zergling x4  
  25  4:06  Baneling x3  
  25  4:15  Zergling x4  
  24  4:30  Zergling x2  
  25  4:34  Baneling  
  25  4:35  Baneling x3  
  25  4:36  Zergling x2  
  26  4:44  Zergling x2  
  27  4:55  Zergling x2  
  26  5:12  Zergling x2  
  20  5:24  Zergling x2  
  20  5:27  Baneling x4  
  21  5:28  Zergling x2  
  21  5:30  Queen  
  24  5:44  Zergling x2  
  24  5:48  Baneling x4  
  25  5:52  Zergling x2  
  26  5:58  Zergling x2  
  27  6:09  Zergling x2  
  24  6:27  Zergling x2  
  25  6:37  Zergling x2  
  25  6:39  Hatchery  
  25  6:54  Drone  
  25  6:55  Drone x3  
  25  7:01  Hatchery  
  27  7:12  Drone  
  27  7:15  Drone  
  29  7:32  Baneling x6  
  29  7:34  Drone  
  30  7:45  Evolution Chamber  
  30  7:49  Overlord x2  
  29  7:59  Zergling x6  
  29  8:00  Zergling x2  
  29  8:04  Zergling x2  
  34  8:08  Drone  
  30  8:20  Zergling x6  
  30  8:21  Zergling x2  
  33  8:29  Drone x4  
  33  8:30  Drone  
  37  8:34  Drone  
  37  8:36  Drone x2  
  37  8:39  Drone  
  40  8:42  Baneling x2  
  40  8:47  Overlord  
  40  8:57  Zergling x6  
  42  9:06  Spore Crawler  
  42  9:08  Spore Crawler  
  40  9:11  Queen  
  42  9:19  Lair  
  42  9:23  Spore Crawler  
  41  9:27  Spore Crawler  
  38  9:35  Spore Crawler  
  38  9:36  Spore Crawler  
  38  9:37  Spore Crawler  
  35  9:40  Spore Crawler  
  32  9:57  Spore Crawler  
  32  9:58  Drone x5  
  36  10:04  Spore Crawler  
  35  10:09  Drone x2  
  36  10:19  Spore Crawler  
  34  10:30  Spore Crawler  
  34  10:33  Spore Crawler  
  34  10:35  Spore Crawler, Drone  
  27  10:40  Spore Crawler  
  26  10:51  Spore Crawler  
  25  11:01  Drone  
  25  11:02  Drone x2  
  28  11:15  Drone x3  
  31  11:25  Baneling x4  
  31  11:26  Baneling  
Show
View Real Time Build Order
Export as new Build Order

PiNkUniCORN Terran - Winner!

Build Orders:  

Get SALT Encoding   

  12  0:00  SCV  
  13  0:13  SCV  
  14  0:22  Supply Depot  
  14  0:25  SCV  
  15  0:48  Barracks  
  15  0:51  Barracks  
  15  0:55  SCV  
  16  1:07  SCV  
  17  1:12  Supply Depot  
  17  1:19  SCV  
  18  1:31  SCV  
  19  1:35  Marine  
  19  1:38  Marine  
  21  1:52  Marine  
  22  1:54  Bunker  
  22  1:56  Marine  
  23  2:02  Bunker  
  22  2:20  Marine x2  
  22  2:42  SCV  
  22  2:43  Marine x2  
  25  3:00  Supply Depot  
  25  3:01  Marine x2  
  27  3:06  Barracks  
  27  3:19  Marine x2  
  26  3:40  Orbital Command  
  26  3:41  Marine x2  
  26  3:59  Marine x2  
  26  4:02  Refinery  
  28  4:03  Marine  
  28  4:04  Refinery  
  29  4:17  Marine x2  
  29  4:21  Marine  
  28  4:35  Marine  
  30  4:40  SCV  
  30  4:52  SCV  
  31  5:04  SCV  
  31  5:05  Factory  
  27  5:15  Bunker  
  27  5:29  Marine  
  27  5:31  SCV  
  29  5:38  Supply Depot  
  29  5:44  SCV  
  29  5:47  Marine  
  31  5:53  Marine x2  
  31  5:56  SCV  
  34  6:04  Marine  
  34  6:08  SCV  
  36  6:13  Starport, Hellion  
  31  6:35  SCV, Hellion  
  31  6:39  Supply Depot  
  34  6:47  SCV  
  34  6:50  Starport Tech Lab  
  34  6:52  Marine  
  36  6:56  Hellion  
  36  7:00  Command Center  
  38  7:03  SCV  
  39  7:09  Cloaking Field  
  39  7:18  Banshee  
  42  7:43  Supply Depot  
  42  8:01  Banshee  
  37  8:28  Hyperflight Rotors  
  37  8:30  Orbital Command  
  32  8:35  Hellion  
  32  8:36  Marine x2  
  32  8:37  Marine  
  37  8:43  Banshee  
  40  8:54  Marine x3  
  43  8:56  Hellion  
  45  9:12  Marine x2  
  47  9:18  Hellion  
  49  9:26  Banshee  
  52  10:09  Banshee  
  55  10:50  Marine x2  
  55  10:52  Banshee, Hellion  
  62  11:08  Marine  
  63  11:32  Marine x2  
  63  11:33  Marine  
  63  11:35  Banshee  
  69  11:44  Supply Depot  
  69  11:46  Supply Depot  
  69  11:49  Supply Depot  
  68  12:02  Supply Depot x2  
  70  12:11  Supply Depot  
Tags
 
Add a new tag
Caveats
  • Supply blocks, unpowered buildings, or Contaminate may cause inaccurate times.
  • Supply counts are checked every 10 seconds.